 Dungeon Crawl Stone Soup version 0.23.2-1-ga50397a (webtiles) character file.

Game seed: 7274234169880172561

266 Inchmeat the Fighter (level 6, 0/61 HPs)
             Began as a Gnoll Wanderer on Apr 25, 2019.
             Slain by a worm (2 damage)
             ... on level 4 of the Dungeon.
             The game lasted 00:06:53 (3626 turns).

Inchmeat the Fighter (Gnoll Wanderer)               Turns: 3626, Time: 00:06:53

Health: 0/61       AC:  3    Str: 17 (18) XL:     6   Next: 20%
Magic:  8/8        EV: 12    Int: 11 (13) God:
Gold:   208        SH:  0    Dex: 11 (14) Spells: 8/8 levels left

rFire    . . .     SeeInvis .   r - +0 hand axe
rCold    . . .     Gourm    .   (no shield)
rNeg     . . .     Faith    .   m - +0 leather armour
rPois    .         Spirit   .   (no helmet)
rElec    .         Reflect  .   (no cloak)
rCorr    .         Harm     .   (no gloves)
MR       .....                  (no boots)
Stlth    ++........             (no amulet)
HPRegen  0.20/turn              (no ring)
MPRegen  0.11/turn              (no ring)

@: lethally poisoned (0 -> -1)
A: distributed training, fangs 1, strong nose
a: no special abilities


You were on level 4 of the Dungeon.
You were not hungry.

You visited 1 branch of the dungeon, and saw 4 of its levels.

You collected 208 gold pieces.

Inventory:

Hand Weapons
 a - a +3 shortbow
 c - a +0 hand crossbow
 h - a +0 mace
 r - a +0 hand axe (weapon)
Missiles
 b - 11 arrows
 d - 68 bolts
 p - 5 tomahawks (quivered)
Armour
 f - a +0 robe
 m - a +0 leather armour (worn)
Jewellery
 s - an uncursed ring of flight
Wands
 i - a wand of paralysis (2)
Scrolls
 e - 2 scrolls of teleportation
 j - a scroll of fog
 n - 2 scrolls of identify {@r1}
 o - 2 scrolls of amnesia
Comestibles
 g - 4 rations


   Skills:
 + Level 10.5 Fighting
 + Level 1.8 Short Blades
 + Level 1.8 Long Blades
 + Level 3.1 Axes
 + Level 1.8 Maces & Flails
 + Level 1.8 Polearms
 + Level 1.8 Staves
 + Level 1.8 Slings
 + Level 3.1 Bows
 + Level 1.8 Crossbows
 + Level 1.8 Throwing
 + Level 3.1 Armour
 + Level 1.8 Dodging
 + Level 3.0 Stealth
 + Level 1.8 Shields
 + Level 1.8 Unarmed Combat
 + Level 1.8 Spellcasting
 + Level 1.4 Conjurations
 + Level 1.4 Hexes
 + Level 1.4 Charms
 + Level 1.4 Summonings
 + Level 1.4 Necromancy
 + Level 1.4 Translocations
 + Level 1.4 Transmutations
 + Level 1.4 Fire Magic
 + Level 1.4 Ice Magic
 + Level 1.4 Air Magic
 + Level 1.4 Earth Magic
 + Level 1.4 Poison Magic
 + Level 2.0 Invocations
 + Level 3.1 Evocations


You had 8 spell levels left.
You didn't know any spells.
Your spell library was empty.

Dungeon Overview and Level Annotations

Branches:
Dungeon (4/15)
 Temple: D:4-7

Altars:
Kikubaaqudgha


Innate Abilities, Weirdness & Mutations

Your experience applies equally to all skills.
You have very sharp teeth.
Your uncanny sense of smell can sniff out nearby items.


Message History

Tha worm bites ye!
Ye hit tha worm.
Tha worm be severely wounded.
Ye feel sick.
Tha worm bites ye.
Ye barely miss tha worm.
Ye bite tha worm, but do nay damage.
Tha worm be severely wounded.
Ye hit tha worm.
Tha worm be severely wounded.
Tha worm bites ye!
* * * LOW HITPOINT WARNIN'
* * * Ye hit tha worm but do nay damage.
Yer bite misses tha worm.
Tha worm be severely wounded.
Ye feel sick.
Tha worm bites ye!
* * * LOW HITPOINT WARNIN'
* * * Ye hit tha worm.
Tha worm be severely wounded.
Ye hit tha worm.
Ye bite tha worm, but do nay damage.
Tha worm be almost dead.
Tha worm bites ye.
Ye die...

##### ∆ ....
... #.# #..##
#.<# #..# #..#
##@# #w## ∆
#..# #.$##
#.(.#
.............#
.............#
####.####....#
#. ....#


You could see a worm.

Vanquished Creatures
  2 orc priests (D:3)
  3 gnolls (D:3)
  8 adders
  An ooze (D:1)
  2 worms
  2 dart slugs
  4 leopard geckos
  6 orcs (D:3)
  A ball python (D:2)
  4 giant cockroaches
  11 goblins
  11 hobgoblins
  4 jackals (D:2)
  A quokka (D:3)
  11 bats
  5 frilled lizards
  3 kobolds
  6 rats
85 creatures vanquished.

Notes
Turn   | Place    | Note
-------+----------+-------------------------------------------
     0 | D:1      | Reached skill level 10 in Fighting
     0 | D:1      | Inchmeat the Gnoll Wanderer began the quest for the Orb.
     0 | D:1      | Inchmeat set off with the following items: a +2 shortbow,
                  | 25 arrows, a +0 hand crossbow, 27 bolts, a scroll of
                  | teleportation, a +0 robe, a ration
     0 | D:1      | Reached XP level 1. HP: 28/28 MP: 2/2
   220 | D:1      | Reached XP level 2. HP: 26/36 MP: 3/3
   538 | D:1      | Reached XP level 3. HP: 42/42 MP: 4/4
  1128 | D:2      | Reached skill level 1 in Invocations
  1167 | D:2      | Reached skill level 1 in Short Blades
  1167 | D:2      | Reached skill level 1 in Long Blades
  1167 | D:2      | Reached skill level 1 in Maces & Flails
  1167 | D:2      | Reached skill level 1 in Polearms
  1167 | D:2      | Reached skill level 1 in Staves
  1167 | D:2      | Reached skill level 1 in Slings
  1167 | D:2      | Reached skill level 1 in Crossbows
  1167 | D:2      | Reached skill level 1 in Throwing
  1167 | D:2      | Reached skill level 1 in Dodging
  1167 | D:2      | Reached skill level 1 in Shields
  1167 | D:2      | Reached skill level 1 in Unarmed Combat
  1167 | D:2      | Reached skill level 1 in Spellcasting
  1328 | D:2      | Reached XP level 4. HP: 46/48 MP: 6/6
  1457 | D:2      | Found an ancient bone altar of Kikubaaqudgha.
  2067 | D:3      | Reached skill level 1 in Conjurations
  2067 | D:3      | Reached skill level 1 in Hexes
  2067 | D:3      | Reached skill level 1 in Charms
  2067 | D:3      | Reached skill level 1 in Summonings
  2067 | D:3      | Reached skill level 1 in Necromancy
  2067 | D:3      | Reached skill level 1 in Translocations
  2067 | D:3      | Reached skill level 1 in Transmutations
  2067 | D:3      | Reached skill level 1 in Fire Magic
  2067 | D:3      | Reached skill level 1 in Ice Magic
  2067 | D:3      | Reached skill level 1 in Air Magic
  2067 | D:3      | Reached skill level 1 in Earth Magic
  2067 | D:3      | Reached skill level 1 in Poison Magic
  2146 | D:3      | Reached XP level 5. HP: 51/54 MP: 7/7
  3103 | D:3      | Reached XP level 6. HP: 44/61 MP: 8/8
  3624 | D:4      | HP: 1/61 [worm (10)]
  3626 | D:4      | Slain by a worm

Skill      XL: |  1  2  3  4  5 |
---------------+----------------+-----
Fighting       | | 10.5
Invocations    | 1 2 |  2.0
Short Blades   | 1 |  1.8
Long Blades    | 1 |  1.8
Maces & Flails | 1 |  1.8
Polearms       | 1 |  1.8
Staves         | 1 |  1.8
Slings         | 1 |  1.8
Crossbows      | 1 |  1.8
Throwing       | 1 |  1.8
Dodging        | 1 |  1.8
Shields        | 1 |  1.8
Unarmed Combat | 1 |  1.8
Spellcasting   | 1 |  1.8
Conjurations   | 1 |  1.4
Hexes          | 1 |  1.4
Charms         | 1 |  1.4
Summonings     | 1 |  1.4
Necromancy     | 1 |  1.4
Translocations | 1 |  1.4
Transmutations | 1 |  1.4
Fire Magic     | 1 |  1.4
Ice Magic      | 1 |  1.4
Air Magic      | 1 |  1.4
Earth Magic    | 1 |  1.4
Poison Magic   | 1 |  1.4
Axes           | 3 |  3.1
Bows           | 3 |  3.1
Armour         | 3 |  3.1
Evocations     | 3 |  3.1
Stealth        | 3 |  3.0

Action                   |  1- 3 |  4- 6 || total
-------------------------+-------+-------++-------
Melee: Mace              |    43 |    41 ||    84
       Bite              |     2 |     8 ||    10
       Hand axe          |       |    26 ||    26
 Fire: Shortbow          |    61 |    65 ||   126
Evoke: Wand              |       |     3 ||     3
  Use: Potion            |       |     7 ||     7
       Scroll            |       |     7 ||     7
 Stab: Sleeping          |     3 |     2 ||     5
       Paralysed         |       |     5 ||     5
  Eat: Chunk             |     1 |     7 ||     8
Armor: Robe              |    26 |       ||    26
       Leather armour    |     8 |    16 ||    24
Dodge: Dodged            |    65 |    74 ||   139
